 Dungeon Crawl Stone Soup version 0.30-a0-1016-gfb0d676c02 (webtiles) character file.

Game seed: 6794552505114145540

156 Newt the Shooter (level 5, -1/35 HPs)
             Began as a Kobold Hunter on Apr 6, 2023.
             Slain by Natasha (7 damage)
             ... on level 3 of the Dungeon.
             The game lasted 00:02:17 (1997 turns).

Newt the Shooter (Kobold Hunter)                    Turns: 1997, Time: 00:02:18

Health: -1/35      AC:  4    Str:  8    XL:     5   Next: 65%
Magic:  5/5        EV: 14    Int: 11    God:
Gold:   101        SH:  0    Dex: 20    Spells: 4/4 levels left

rFire   . . .      SeeInvis .    a - +0 shortbow
rCold   . . .      Faith    .    (shield currently unavailable)
rNeg    . . .      Spirit   .    c - +0 leather armour
rPois   .          Reflect  .    (no helmet)
rElec   .          Rampage  .    (no cloak)
rCorr   .                        i - +0 pair of gloves
Will    .....                    (no boots)
Stlth   +++                      j - amulet of magic regeneration
HPRegen 0.25/turn                (no ring)
MPRegen 0.49/turn                (no ring)

@: about to teleport
A: small, no large weapons, nightstalker 3
a: no special abilities


You were on level 3 of the Dungeon.
You visited 1 branch of the dungeon, and saw 3 of its levels.

You collected 101 gold pieces.

Inventory:

Hand Weapons
 a - a +0 shortbow (weapon)
Missiles
 d - a throwing net
Armour
 c - a +0 leather armour (worn)
 i - a +0 pair of gloves (worn)
Jewellery
 j - an amulet of magic regeneration (around neck)
Scrolls
 b - a scroll of immolation
 g - a scroll of teleportation
Potions
 e - a potion of resistance {unknown}
 h - a potion of heal wounds
 k - 2 potions of cancellation
 m - 2 potions of lignification {unknown}
 n - 2 potions of degeneration {unknown}


   Skills:
 - Level 5.0 Fighting
 + Level 6.6 Ranged Weapons
 - Level 2.4 Dodging
 - Level 1.3 Stealth


You had 4 spell levels left.
You didn't know any spells.
Your spell library contained the following spells:

 Spells                   Type           Power      Damage    Failure   Level
 Magic Dart               Conj           0%         1d3       45%         1
 Searing Ray              Conj           0%         2d4       61%         2
 Fulminant Prism          Conj/Hex       0%         3d5       99%         4


Dungeon Overview and Level Annotations

Branches:
Dungeon (3/15)

Altars:

Shops:
D:1 *

Annotations:
D:3 Natasha


Innate Abilities, Weirdness & Mutations

You are small and have problems with some larger weapons.
You are completely attuned to the shadows.


Message History

The shadow imp is heavily wounded.
The shadow imp closely misses you. Natasha casts a spell at you.
You resist with some effort. The adder bites you but does no damage.
You shoot an arrow. The arrow hits the shadow imp.
The shadow imp is severely wounded.
The adder closely misses you. The shadow imp barely misses you.
Natasha barely misses you.
You shoot an arrow.
The arrow closely misses the shadow imp.
The adder bites you but does no damage. The shadow imp misses you.
Natasha barely misses you. The adder closely misses you.
Unknown command.
You shoot an arrow.
The arrow closely misses the shadow imp.
The shadow imp barely misses you. The endoplasm hits you.
The adder bites you but does no damage. Natasha claws you.
The shadow imp misses you. The endoplasm hits you.
You shoot an arrow.
The arrow closely misses the shadow imp.
The adder misses you.
Natasha growls.
Natasha claws you. The adder barely misses you.
The shadow imp barely misses you. The endoplasm freezes you.
You are frozen.
You shoot an arrow. The arrow hits the shadow imp.
The shadow imp is severely wounded.
Natasha claws you. The adder barely misses you. The shadow imp hits you.
The endoplasm freezes you.
You are frozen.
* * * LOW HITPOINT WARNING * * *
Natasha claws you.
* * * LOW HITPOINT WARNING * * *
As you read the scroll of teleportation, it crumbles to dust.
You feel strangely unstable. The adder completely misses you.
The shadow imp gestures at you.
You barely resist. The endoplasm closely misses you.
The adder completely misses you. Natasha claws you!
You die...

########## #........#
#........#
###...)....#########*
##..............@5...*
#...≈≈≈........hSJ...*
#.#.≈)≈..............*
#.#.≈≈≈..............*
........####.........*
####..##* *,,,,,,,,,*
#*....# ****,,*****
##.#.## *,** .....#
**,*


You could see Natasha, an adder, a shadow imp and an endoplasm.

Vanquished Creatures
  3 gnolls (D:2)
  6 adders
  A worm (D:3)
  3 dart slugs (D:1)
  An orc (D:3)
  3 bats (D:2)
  8 endoplasms
  5 giant cockroaches
  9 goblins
  5 hobgoblins
  2 jackals (D:1)
  4 quokkas
  5 ball pythons
  3 frilled lizards
  2 kobolds (D:1)
  2 rats
62 creatures vanquished.

Notes
Turn   | Place    | Note
-------+----------+-------------------------------------------
     0 | D:1      | Newt the Kobold Hunter began the quest for the Orb.
     0 | D:1      | Reached XP level 1. HP: 12/12 MP: 1/1
   111 | D:1      | Reached XP level 2. HP: 19/19 MP: 2/2
   347 | D:1      | Reached XP level 3. HP: 23/23 MP: 3/3
   350 | D:1      | Found Apnaegg's General Store.
   954 | D:2      | Reached XP level 4. HP: 23/30 MP: 4/4
  1091 | D:2      | Reached skill level 5 in Fighting
  1240 | D:2      | Found a faded altar of an unknown god.
  1279 | D:2      | Reached XP level 5. HP: 33/35 MP: 5/5
  1878 | D:3      | Reached skill level 6 in Ranged Weapons
  1989 | D:3      | Noticed Natasha
  1997 | D:3      | Slain by Natasha

Illustrated notes

Levels and vault maps discovered:
D:1:      evilmike_arrival_hilbert_curve, layout_loops_ring, serial_shops, shop,
          minmay_tromino_i4
D:2:      layout_basic, shapermc_ecumenical_altar_totnotflames
D:3:      layout_rooms, corexii_item_surrounded_by_moat, uniq_grinder,
          uniq_natasha

Skill      XL: |  1  2  3  4  5 |
---------------+----------------+-----
Fighting       | 3 4 5 |  5.0
Ranged Weapons | 6 |  6.6
Dodging        | |  2.4
Stealth        | |  1.3

Action                     |  1- 3 |  4- 6 || total
---------------------------+-------+-------++-------
   Fire: Shortbow          |    67 |   103 ||   170
    Use: Scroll            |     7 |     3 ||    10
         Potion            |       |     2 ||     2
 Armour: Leather armour    |     4 |    24 ||    28
  Dodge: Dodged            |    28 |    74 ||   102

Table legend: (Time is in decaauts)
 A = Elapsed time spent in this place.
 B = Non-inter-level travel time spent in this place.
 C = Inter-level travel time spent in this place.
 D = Time resting spent in this place.
 E = Time spent auto-exploring this place.
 F = Levels seen in this place.
 G = Mean time per level.
                   A        B        C        D        E       F      G
               +--------+--------+--------+--------+--------+-----+--------+
         Total |   2024 |   1969 |     55 |    195 |   1423 |   3 |  674.7 |
       Dungeon |   2024 |   1969 |     55 |    195 |   1423 |   3 |  674.7 |
               +--------+--------+--------+--------+--------+-----+--------+

Top non-repeatable levels by time:
     D:1: 918 daAuts
     D:2: 819 daAuts
     D:3: 287 daAuts
